 Dungeon Crawl Stone Soup version 0.17-a0-1301-ga863c44 (webtiles) character file.

86 HEYYEYAAE the Gusty (level 4, -2/31 HPs)
             Began as a Human Air Elementalist on June 7, 2015.
             Slain by an ogre
             ... wielding a +0 giant club
              (28 damage)
             ... on level 4 of the Dungeon.
             The game lasted 00:03:19 (1809 turns).

HEYYEYAAE the Gusty (Human Air Elementalist)        Turns: 1809, Time: 00:03:19

Health: -2/31      AC:  4    Str:  8    XL:     4   Next: 78%
Magic:  0/7        EV: 13    Int: 16    God:
Gold:   115        SH:  0    Dex: 14    Spells: 1 memorised, 7 levels left

rFire  . . .     SeeInvis .     h - +0 mace
rCold  . . .     Clarity  .     a - +0 robe
rNeg   . . .     SustAt   +     (no shield)
rPois  .         Gourm    .     (no helmet)
rElec  .         Spirit   .     (no cloak)
rCorr  .         Warding  .     (no gloves)
rMut   .         Stasis   .     g - +1 pair of boots
MR     .....                    (no amulet)
Stlth  ++........               (no ring)
                                x - ring of sustain attributes

@: very slightly contaminated, not resistant to hostile enchantments, unstealthy
A: no striking features
a: no special abilities


You were on level 4 of the Dungeon.
You were hungry.

You visited 1 branch of the dungeon, and saw 4 of its levels.

You collected 115 gold pieces.

Inventory:

Hand weapons
 h - a +0 mace (weapon)
 o - a +0 short sword
Armour
 a - a +0 robe (worn)
 g - a +1 pair of boots (worn)
Jewellery
 x - a ring of sustain attributes (left hand)
Scrolls
 d - a scroll of recharging
 f - a scroll of noise
 l - a scroll of blinking {unknown}
 p - a scroll of teleportation {unknown}
 r - 2 scrolls of enchant armour {unknown}
 s - 2 scrolls of magic mapping {unknown}
 t - a scroll of immolation {unknown}
 v - a scroll of amnesia {unknown}
Potions
 e - 2 potions of curing
 i - a potion of degeneration {unknown}
 k - 2 potions of agility
 q - a potion of flight {unknown}
 u - a potion of ambrosia {unknown}
 w - a potion of might {unknown}
Books
 b - a book of Air

   Spells                             Type                      Level
   a - Shock                          Conjuration/Air              1
   b - Swiftness                      Charms/Air                   2
   c - Repel Missiles                 Charms/Air                   2
   d - Static Discharge               Conjuration/Air              3
   e - Lightning Bolt                 Conjuration/Air              5
Comestibles
 c - 5 bread rations
 j - 5 fruits
 m - a meat ration
 n - a royal jelly


   Skills:
 + Level 0.8 Fighting
 + Level 0.4 Armour
 + Level 2.4 Dodging
 - Level 2.0 Stealth
 * Level 2.6 Spellcasting
 * Level 2.2 Conjurations
 * Level 3.7 Air Magic


You had 7 spell levels left.
You knew the following spells:

 Your Spells              Type           Power        Failure   Level  Hunger
a - Shock                 Conj/Air       ##..         8%          1    #......


Dungeon Overview and Level Annotations

Branches:
Dungeon (4/15)
 Temple: D:4-7

Altars:
Makhleb

Shops:
D:4 [

Annotations:
D:3 PeterLawrence's ghost, average GrFi


Message History

Press: ? - help, Shift-Dir - straight line, f/p - ogre
Aim: an ogre, wielding a giant club (moderately wounded)
The zap hits the ogre.
The ogre is moderately wounded.
Casting: Shock
Confirm with . or Enter, or press ? or * to list all spells.
Aiming: Shock
Press: ? - help, Shift-Dir - straight line, f/p - ogre
Aim: an ogre, wielding a giant club (moderately wounded)
The zap hits the ogre.
The ogre is moderately wounded.
Casting: Shock
Confirm with . or Enter, or press ? or * to list all spells.
Aiming: Shock
Press: ? - help, Shift-Dir - straight line, f/p - ogre
Aim: an ogre, wielding a giant club (moderately wounded)
You miscast Shock.
Nothing appears to happen.
The ogre hits you with a giant club!!
Ouch! That really hurt!
You die...

.....≈≈≈.......
....≈≈≈≈≈......
......∩≈≈......
....≈≈≈≈≈......
.....≈≈≈.......
...............
......O........
.......@.......
...............
.....####......
...> ####.. ...
# .. .


You could see an ogre.

Vanquished Creatures
  2 adders
  An ooze (D:2)
  A worm (D:3)
  2 giant geckos
  3 giant cockroaches
  4 goblins
  7 hobgoblins
  6 kobolds
  A quokka (D:2)
  3 ball pythons
  8 bats
  4 giant newts
  7 jackals
  4 rats
53 creatures vanquished.

Notes
Turn   | Place    | Note
--------------------------------------------------------------
     0 | D:1      | HEYYEYAAE the Human Air Elementalist began the quest for the Orb.
     0 | D:1      | Reached XP level 1. HP: 13/13 MP: 3/3
   217 | D:1      | Reached XP level 2. HP: 17/19 MP: 5/5
   488 | D:1      | Reached XP level 3. HP: 21/25 MP: 6/6
   921 | D:2      | Found a burning altar of Makhleb.
  1037 | D:2      | Reached XP level 4. HP: 31/31 MP: 1/7
  1780 | D:3      | Noticed PeterLawrence's ghost (average GrFi)
  1802 | D:4      | Found Innopefo's Armour Boutique.
  1802 | D:4      | Noticed an ogre
  1809 | D:4      | Slain by an ogre

Vault maps used:
D:1:      dpeg_arrival_arbitrary_a
D:2:      minmay_door_path, nicolae_overflow_crystal_walls, first_bread
D:3:      minmay_misc_feat_pillars, tgw_sif
D:4:      nicolae_ossuary_entry_giza, serial_shops, nicolae_shop_waterfront,
          cheibrodos_gnoll_hut

Action                   |  1- 3 |  4- 6 || total
-------------------------+-------+-------++-------
Melee: Mace              |    60 |    49 ||   109
 Cast: Shock             |    34 |    32 ||    66
  Use: Scroll            |     5 |       ||     5
       Potion            |     1 |       ||     1
 Stab: Sleeping          |       |     1 ||     1
  Eat: Chunk             |     1 |     2 ||     3
